 Dungeon Crawl Stone Soup version 0.28-a0-1234-g826d19b2e0 (webtiles) character file.

Game seed: 2250077648987847463

15 anonymouscript the Skirmisher (level 2, -1/27 HPs)
             Began as a Hill Orc Fighter on Dec 23, 2021.
             Slain by a scorpion (3 damage)
             ... on level 2 of the Dungeon.
             The game lasted 00:03:19 (754 turns).

anonymouscript the Skirmisher (Hill Orc Fighter)     Turns: 754, Time: 00:03:20

Health: -1/27      AC:  6    Str: 18    XL:     2   Next: 50%
Magic:  2/2        EV:  9    Int:  8    God:
Gold:   4          SH:  4    Dex: 10    Spells: 1/1 levels left

rFire   . . .      SeeInvis .   a - +0 war axe
rCold   . . .      Faith    .   c - +0 buckler
rNeg    . . .      Spirit   .   b - +0 scale mail
rPois   .          Reflect  .   (no helmet)
rElec   .          Harm     .   (no cloak)
rCorr   .          Rampage  .   (no gloves)
Will    .....                   (no boots)
Stlth   ..........              (no amulet)
HPRegen 0.09/turn               (no ring)
MPRegen 0.08/turn               (no ring)

@: lethally poisoned (-1 -> -8)
A: no striking features
a: no special abilities


You were on level 2 of the Dungeon.
You visited 1 branch of the dungeon, and saw 2 of its levels.

You collected 40 gold pieces.
You spent 36 gold pieces at shops.

Inventory:

Hand Weapons
 a - a +0 war axe (weapon)
Armour
 b - a +0 scale mail (worn)
 c - a +0 buckler (worn)
 j - a +0 pair of gloves
Jewellery
 g - a +6 ring of intelligence
Scrolls
 f - a scroll of vulnerability {unknown}
 h - a scroll of fear
 i - a scroll of teleportation {unknown}
 l - a scroll of noise
Potions
 d - 2 potions of might
 e - a potion of mutation {unknown}
 k - a potion of heal wounds


   Skills:
 + Level 3.9 Fighting
 + Level 3.1 Axes
 + Level 3.5 Armour
 + Level 3.4 Shields


You had one spell level left.
You didn't know any spells.
Your spell library was empty.

Dungeon Overview and Level Annotations

Branches:
Dungeon (2/15)

Altars:

Shops:
D:2 :!?


Message History

The frilled lizard bites you but does no damage.
You closely miss the frilled lizard. The frilled lizard barely misses you.
The frilled lizard bites you but does no damage.
You slash the frilled lizard!
You kill the frilled lizard!
g - a +6 ring of intelligence A scorpion comes into view.
Sorry, you're not good enough to have a special ability.
The scorpion stings you.
You are poisoned.
The scorpion poisons you!
Found Yxzomp's Distillery.
You feel very sick. The scorpion barely misses you.
You closely miss the scorpion.
You feel very sick. You block the scorpion's attack.
The scorpion barely misses you.
You hit the scorpion but do no damage.
You feel sick. The scorpion barely misses you.
You slash the scorpion!
The scorpion is heavily wounded.
You feel sick. The scorpion stings you.
You are lethally poisoned!
The scorpion poisons you! You block the scorpion's attack.
You closely miss the scorpion.
The scorpion is heavily wounded.
* * * LOW HITPOINT WARNING * * *
You feel very sick.
The scorpion stings you but does no damage.
You closely miss the scorpion.
The scorpion is heavily wounded.
* * * LOW HITPOINT WARNING * * *
You feel very sick.
The scorpion stings you but does no damage.
The scorpion barely misses you.
You completely miss the scorpion.
The scorpion is heavily wounded.
* * * LOW HITPOINT WARNING * * *
You feel sick. The scorpion barely misses you. The scorpion stings you.
You die...

∩. .. ..# #. #####..##
#.##....... .# #.#....#.#
###.#### #........
.......###..#.#.#
##.#........@s...#
.....#...#.#..###
#..............#
##..........>...#
#####.......##......##
...†.<...............#
.....#†>.....[#.###..###
......†.....#..........#
......###.#..>###..###....#


You could see a scorpion.

Vanquished Creatures
  A dart slug (D:2)
  An endoplasm (D:1)
  A giant cockroach (D:1)
  A quokka (D:2)
  A ball python (D:1)
  A bat (D:2)
  A frilled lizard (D:2)
  2 goblins
  6 rats
15 creatures vanquished.

Notes
Turn   | Place    | Note
-------+----------+-------------------------------------------
     0 | D:1      | anonymouscript the Hill Orc Fighter began the quest for the
                  | Orb.
     0 | D:1      | Reached XP level 1. HP: 19/19 MP: 1/1
   554 | D:2      | Found Tiucat's Book Emporium.
   561 | D:2      | Reached XP level 2. HP: 23/27 MP: 2/2
   717 | D:2      | Found Wifi Cyv's Magic Scroll Shoppe.
   725 | D:2      | Bought a scroll of noise for 12 gold pieces
   725 | D:2      | Bought a scroll of identify for 24 gold pieces
   744 | D:2      | Noticed a scorpion
   748 | D:2      | Found Yxzomp's Distillery.
   754 | D:2      | Slain by a scorpion

Illustrated notes

Levels and vault maps discovered:
D:1:      dpeg_arrival_solitude, layout_basic
D:2:      layout_rooms, serial_shops, shop, nicolae_shop_window_shopping,
          nicolae_shop_window_shopping, nicolae_shop_crystal,
          roderic_serpentine_path, minmay_pentomino_v2

Skill      XL: |  1  2 |
---------------+-------+-----
Axes           | 3 |  3.1
Fighting       | |  3.9
Armour         | |  3.5
Shields        | |  3.4

Action                   || total
-------------------------++-------
Melee: War axe           ||    63
  Use: Scroll            ||     2
Armor: Scale mail        ||    31
Dodge: Dodged            ||    34
Block: Buckler           ||    15

Table legend: (Time is in decaauts)
 A = Elapsed time spent in this place.
 B = Non-inter-level travel time spent in this place.
 C = Inter-level travel time spent in this place.
 D = Time resting spent in this place.
 E = Time spent auto-exploring this place.
 F = Levels seen in this place.
 G = Mean time per level.
                   A        B        C        D        E       F      G
               +--------+--------+--------+--------+--------+-----+--------+
         Total |    777 |    777 |      0 |      0 |    574 |   2 |  388.5 |
       Dungeon |    777 |    777 |      0 |      0 |    574 |   2 |  388.5 |
               +--------+--------+--------+--------+--------+-----+--------+

Top non-repeatable levels by time:
     D:1: 564 daAuts
     D:2: 213 daAuts
